Map: Crimson Research Lab LE

Players

TGMS

  • Race: Zerg Zerg
  • Spawn Location: 11:00

kxcl

  • Race: Terran Terran
  • Spawn Location: 11:00

SonGokuSSJ

  • Race: Protoss Protoss
  • League: Silver
  • Spawn Location: 5:00

Doomcheese

  • Race: Protoss Protoss
  • League: Master
  • Spawn Location: 5:00

VOD

Have the link to the VOD?

Description

Time

  • Played on: Feb. 23, 2025, 11:45 a.m.
  • Length: 16:09
Show
View Real Time Build Order
Export as new Build Order

TGMS Zerg 

Build Orders: Pool First 

Get SALT Encoding   

  12  0:00  Drone  
  13  0:08  Drone  
  14  0:17  Overlord  
  14  0:36  Drone x2  
  16  0:42  Spawning Pool  
  16  0:45  Drone  
  16  0:57  Drone  
  16  0:58  Drone  
  18  1:09  Drone  
  19  1:12  Extractor  
  18  1:20  Hatchery  
  18  1:24  Drone  
  18  1:34  Queen  
  18  1:39  Drone  
  21  1:42  Zergling x2  
  22  1:51  Overlord  
  22  2:05  Overlord  
  22  2:15  Drone  
  23  2:21  Metabolic Boost  
  23  2:24  Zergling x2  
  24  2:36  Zergling x4  
  26  2:45  Zergling x8  
  26  2:49  Overlord  
  30  2:57  Drone  
  32  3:12  Drone  
  32  3:13  Drone x2, Queen  
  32  3:18  Drone  
  37  3:23  Drone  
  38  3:29  Drone  
  38  3:31  Extractor  
  38  3:35  Drone  
  38  3:37  Zergling x2  
  40  3:49  Queen  
  40  3:51  Drone x2  
  44  3:59  Overlord x2  
  44  4:00  Overlord  
  44  4:21  Lair  
  44  4:30  Overlord x2  
  44  4:40  Baneling Nest  
  44  4:42  Drone x2  
  44  4:43  Roach Warren  
  44  4:52  Drone x2  
  46  4:55  Drone x6  
  46  4:56  Drone x3  
  46  4:57  Overlord x2  
  48  5:25  Drone x4  
  50  5:33  Extractor  
  50  5:34  Drone  
  50  5:35  Drone, Extractor  
  50  5:52  Spire  
  50  5:54  Drone x2  
  50  5:55  Hydralisk Den  
  50  6:00  Hatchery  
  49  6:07  Roach  
  49  6:08  Roach x8  
  67  6:19  Drone x2  
  69  6:26  Overseer  
  69  6:33  Hydralisk, Muscular Augments  
  69  6:34  Hydralisk x5  
  81  6:43  Overlord  
  81  7:00  Overlord x2  
  81  7:08  Hydralisk x5  
  93  7:25  Queen  
  93  7:28  Drone x4  
  97  7:43  Overlord x3  
  97  7:51  Corruptor  
  97  7:52  Corruptor x3  
  105  8:16  Drone x4  
  105  8:17  Drone x4  
  113  8:28  Drone  
  113  8:32  Drone x2, Extractor  
  113  8:34  Extractor  
  114  8:43  Drone x2  
  114  8:44  Drone  
  114  8:45  Drone x3  
  71  9:26  Roach  
  71  9:27  Roach x14  
  82  9:54  Mutalisk  
  82  9:55  Mutalisk x6  
  86  10:15  Mutalisk x5  
  86  10:16  Mutalisk x2  
  100  10:57  Hatchery  
  99  11:35  Hydralisk  
  99  11:36  Hydralisk x7  
  115  11:44  Overlord x4  
  115  11:45  Overlord x4  
  115  11:57  Grooved Spines  
  115  12:00  Centrifugal Hooks  
  115  12:01  Zergling x2  
  116  12:02  Zergling x12  
  122  12:33  Zergling x20  
  122  12:34  Zergling x6  
  122  12:37  Baneling x14  
  135  12:53  Hatchery  
  134  13:12  Overlord  
  134  13:19  Baneling  
  134  13:20  Baneling x23  
  134  13:21  Baneling x2  
  133  14:45  Zergling x2  
  133  14:46  Zergling x30  
  146  15:05  Zergling x2  
  146  15:06  Zergling x6  
  134  15:09  Baneling  
  134  15:10  Baneling x26  
  134  15:11  Baneling x5  
Show
View Real Time Build Order
Export as new Build Order

kxcl Terran 

Build Orders:  

Get SALT Encoding   

  12  0:00  SCV  
  13  0:12  SCV  
  14  0:24  SCV  
  15  0:33  Supply Depot  
  15  0:54  SCV  
  16  1:00  Supply Depot  
  16  1:06  SCV  
  17  1:18  SCV  
  18  1:26  Barracks  
  18  1:31  Refinery, SCV  
  19  1:43  SCV  
  20  1:55  SCV  
  20  1:57  Refinery  
  21  2:04  Supply Depot  
  21  2:07  SCV  
  22  2:14  Barracks  
  22  2:19  SCV  
  23  2:27  Supply Depot  
  23  2:31  SCV  
  23  2:32  Marine  
  25  2:43  SCV  
  26  2:49  Supply Depot  
  26  2:50  Marine  
  27  2:55  SCV  
  28  3:07  SCV  
  28  3:08  Marine  
  28  3:12  Supply Depot, Marine  
  30  3:19  SCV  
  32  3:25  Barracks  
  32  3:26  Marine  
  33  3:27  Barracks  
  33  3:30  Marine  
  34  3:44  Marine  
  34  3:48  Marine  
  36  3:56  SCV  
  36  4:01  Marine  
  38  4:04  Refinery  
  38  4:06  Marine  
  38  4:07  Supply Depot  
  38  4:09  Supply Depot  
  39  4:19  Marine  
  39  4:22  Command Center  
  39  4:24  Barracks Reactor x2, Marine  
  41  4:30  Refinery  
  41  4:37  Marine  
  41  4:38  Engineering Bay  
  42  4:41  Marine  
  43  4:54  Supply Depot x2  
  43  4:55  Marine  
  43  4:57  SCV  
  43  4:59  Marine  
  46  5:03  Marine x2  
  48  5:09  SCV  
  49  5:21  SCV  
  49  5:23  Marine x3  
  49  5:24  Marine  
  54  5:30  Marine x2  
  54  5:34  SCV  
  54  5:35  SCV  
  58  5:43  Terran Infantry Weapons Level 1  
  58  5:46  SCV  
  59  5:58  SCV  
  59  6:00  Orbital Command  
  60  6:06  Marine  
  60  6:07  Marine x3  
  60  6:10  SCV  
  61  6:22  SCV  
  61  6:34  SCV  
  62  6:46  SCV  
  63  7:02  SCV x2  
  63  7:04  Marine x5  
  63  7:05  Marine  
  71  7:14  SCV x2  
  73  7:22  Marine x6  
  76  7:26  SCV x2  
  81  7:37  Terran Infantry Armor Level 1  
  81  7:38  SCV x2  
  81  7:40  Marine x6  
  89  7:50  SCV x2  
  91  7:57  Marine  
  91  7:58  Marine x5  
  97  8:15  Marine  
  97  8:17  Command Center  
  98  8:25  SCV x2  
  100  8:28  Marine x3  
  100  8:29  Refinery, Marine x2  
  100  8:32  Refinery  
  100  8:33  Marine  
  106  8:37  SCV x2  
  108  8:46  Marine x2  
  110  8:54  Factory  
  110  9:23  Marine  
  110  9:31  Neosteel Armor  
  97  10:39  Sensor Tower  
  94  11:06  Sensor Tower  
  94  11:19  Supply Depot  
  94  11:39  Sensor Tower  
  94  11:42  Supply Depot  
  94  11:59  Starport  
  94  12:05  Supply Depot  
  94  12:24  Supply Depot  
  94  12:27  SCV  
  94  12:28  Supply Depot  
  95  12:38  Starport Reactor, Starport  
  95  12:46  Marine x6, SCV  
  95  12:48  Supply Depot  
  102  12:51  Supply Depot  
  102  12:58  SCV  
  103  13:03  Marine x6  
  109  13:10  SCV  
  109  13:11  Supply Depot  
  110  13:16  Supply Depot  
  110  13:21  Marine x6  
  110  13:22  SCV  
  117  13:34  SCV  
  117  13:35  Supply Depot  
  117  13:39  Marine x6  
  124  13:43  Command Center  
  124  13:57  Marine x2  
  124  13:58  Supply Depot  
  126  14:21  Supply Depot  
  126  14:42  Starport Reactor  
  126  14:56  Fusion Core  
  126  14:58  Marine x6  
  132  15:15  Marine  
  132  15:16  Marine x5  
  137  15:33  Marine x2  
  137  15:34  Marine x4  
  143  15:36  Viking  
  143  15:37  Viking x3  
Show
View Real Time Build Order
Export as new Build Order

SonGokuSSJ Protoss 

Build Orders: Cannon Rush 

Get SALT Encoding   

  1  0:00  Probe  
  13  0:14  Pylon  
  13  0:15  Probe  
  14  0:27  Probe  
  15  0:37  Forge  
  15  0:42  Probe  
  16  0:57  Pylon  
  16  0:58  Probe  
  17  1:06  Probe  
  18  1:19  Photon Cannon  
  18  1:21  Photon Cannon  
  18  1:27  Photon Cannon  
  18  1:30  Probe  
  19  1:42  Probe  
  19  1:46  Pylon  
  20  1:52  Photon Cannon  
  20  1:55  Probe  
  20  2:00  Assimilator  
  21  2:04  Probe  
  22  2:23  Probe, Nexus  
  23  2:35  Probe  
  23  2:36  Assimilator  
  24  2:51  Gateway  
  24  2:56  Gateway  
  24  3:00  Probe  
  25  3:08  Probe  
  26  3:19  Probe  
  26  3:23  Photon Cannon  
  27  3:27  Assimilator  
  27  3:30  Probe  
  28  3:37  Pylon  
  28  3:48  Cybernetics Core  
  28  3:50  Probe  
  28  3:52  Gateway  
  28  3:53  Probe  
  30  3:58  Probe  
  31  4:05  Probe  
  31  4:07  Probe  
  33  4:17  Probe  
  33  4:18  Gateway  
  33  4:20  Gateway  
  33  4:21  Probe  
  38  4:24  Stalker  
  35  4:25  Stalker  
  39  4:37  Probe  
  39  4:40  Twilight Council  
  40  4:49  Probe  
  40  4:53  Probe, Robotics Facility  
  42  5:01  Probe  
  42  5:03  Robotics Facility  
  42  5:05  Probe  
  44  5:13  Stalker x3, Probe  
  51  5:22  Stalker  
  51  5:23  Stalker  
  51  5:24  Probe  
  51  5:28  Probe  
  57  5:33  Blink  
  57  5:43  Dark Shrine  
  57  5:45  Probe x2, Pylon  
  59  5:57  Stalker  
  61  6:14  Assimilator  
  61  6:17  Photon Cannon  
  61  6:19  Photon Cannon  
  61  6:21  Stalker  
  61  6:24  Robotics Bay  
  61  6:27  Pylon  
  61  6:29  Stalker x3  
  69  6:35  Forge  
  69  6:42  Stalker  
  71  6:52  Pylon  
  71  6:53  Pylon  
  71  6:54  Pylon  
  71  6:55  Immortal  
  75  7:14  Dark Templar  
  75  7:15  Dark Templar x2  
  81  7:24  Probe  
  81  7:28  Probe  
  83  7:34  Charge  
  83  7:40  Nexus  
  83  7:48  Colossus  
  89  8:02  Protoss Ground Weapons Level 1  
  89  8:04  Assimilator  
  89  8:07  Protoss Ground Armor Level 1  
  89  8:14  Observer, Stalker x2  
  94  8:26  Stalker x2  
  94  8:27  Probe x2  
  100  8:39  Probe  
  99  8:42  Dark Templar  
  91  9:10  Dark Templar x2  
  81  9:32  Dark Templar x3  
  87  9:41  Probe  
  87  9:43  Assimilator  
  87  9:45  Probe x2  
  90  9:49  Probe  
  90  9:57  Probe x2  
  90  9:59  Probe  
  68  10:02  Stalker x2  
  73  10:08  Stalker  
  73  10:09  Probe x2  
  73  10:12  Stalker x2  
  77  10:16  Colossus  
  77  10:20  Probe  
  77  10:21  Probe x2  
  90  10:27  Archon, Pylon  
  90  10:28  Archon, Pylon  
  90  10:29  Stalker x2  
  90  10:30  Protoss Ground Weapons Level 2  
  90  10:32  Probe  
  90  10:33  Probe x2  
  90  10:35  Protoss Ground Armor Level 2  
  97  10:49  Colossus  
  103  10:54  Assimilator  
  103  10:58  Pylon  
  103  10:59  Pylon  
  103  11:01  Gateway, Pylon  
  103  11:06  Robotics Facility x2  
  103  11:12  Stalker x4  
  111  11:19  Gateway  
  111  11:24  Stalker  
  113  11:33  Nexus  
  113  11:39  Stalker x2  
  117  11:50  Observer  
  117  11:51  Stalker x3  
  117  11:52  Stalker  
  126  12:01  Stalker  
  126  12:02  Extended Thermal Lance  
  126  12:06  Colossus, Stalker  
  132  12:10  Stalker x3  
  142  12:29  Assimilator  
  142  12:49  Stalker x6  
  154  13:01  Probe x3  
  157  13:13  Probe x3  
  157  13:16  Stalker x2  
  157  13:19  Dark Templar x2, Stalker  
  168  13:20  Stalker  
  172  13:40  Observer  
  172  13:50  Stalker x2  
  172  13:52  Gateway  
  172  13:53  Probe x2  
  171  14:04  Observer  
  172  14:10  Pylon  
  172  14:12  Pylon  
  172  14:14  Pylon  
  172  14:24  Probe  
  172  14:25  Stalker x2  
  172  14:27  Stalker x4  
  172  14:28  Probe x3  
  172  14:29  Stalker  
  188  14:35  Observer  
  188  14:37  Stalker  
  191  14:40  Probe x2  
  195  14:59  Stalker x2, Gateway  
  195  15:00  Stalker, Gateway  
  195  15:02  Stalker x4  
  195  15:04  Stalker  
  193  15:27  Stalker x3  
  196  15:40  Pylon  
Show
View Real Time Build Order
Export as new Build Order

Doomcheese Protoss 

Build Orders: Double Forge 

Get SALT Encoding   

  12  0:01  Probe  
  13  0:13  Probe  
  14  0:20  Pylon  
  14  0:27  Probe  
  15  0:39  Probe  
  15  0:40  Gateway  
  16  0:48  Assimilator  
  16  0:52  Probe  
  17  0:59  Assimilator  
  17  1:04  Probe  
  18  1:15  Probe  
  19  1:23  Probe  
  19  1:31  Probe  
  19  1:32  Zealot  
  22  1:37  Forge  
  23  1:41  Pylon  
  23  1:59  Probe  
  24  2:06  Forge  
  24  2:17  Probe  
  25  2:29  Probe, Nexus  
  26  2:31  Assimilator  
  26  2:37  Pylon  
  26  2:41  Probe  
  27  2:53  Probe, Cybernetics Core  
  28  3:05  Probe  
  27  3:15  Photon Cannon  
  27  3:17  Probe  
  27  3:19  Photon Cannon  
  28  3:33  Stargate  
  28  3:35  Probe  
  29  3:42  Probe  
  29  3:47  Probe  
  31  3:51  Stargate  
  31  3:54  Probe  
  32  3:59  Probe  
  33  4:06  Probe  
  33  4:09  Assimilator  
  34  4:11  Probe  
  35  4:18  Probe  
  35  4:22  Stargate  
  36  4:31  Void Ray  
  40  4:32  Pylon  
  40  4:41  Protoss Air Armor Level 1  
  44  4:54  Cybernetics Core  
  44  4:55  Void Ray  
  44  5:00  Photon Cannon  
  44  5:10  Pylon  
  42  5:30  Probe x2  
  44  5:38  Probe  
  44  5:41  Probe  
  54  5:45  Void Ray x2  
  54  5:46  Probe  
  54  5:49  Probe  
  60  6:02  Void Ray  
  68  7:16  Void Ray x3  
  68  7:20  Gateway  
  68  7:21  Probe x2  
  70  7:28  Stargate  
  70  7:31  Stargate  
  70  7:44  Protoss Air Weapons Level 1  
  70  8:04  Nexus  
  70  8:07  Assimilator  
  70  8:12  Assimilator  
  70  8:52  Probe x2  
  68  9:04  Probe x2  
  70  9:16  Probe x2  
  84  9:22  Void Ray x3  
  84  9:28  Probe  
  85  9:50  Void Ray  
  85  9:59  Void Ray  
  85  10:21  Probe x2  
  83  10:25  Void Ray  
  83  10:33  Probe x2  
  83  10:35  Pylon  
  85  10:37  Pylon x3  
  85  10:38  Void Ray  
  85  10:39  Void Ray  
  85  10:52  Pylon  
  85  10:53  Probe x2  
  85  10:55  Pylon  
  95  10:58  Void Ray, Photon Cannon  
  95  11:00  Photon Cannon  
  95  11:01  Void Ray, Photon Cannon  
  95  11:02  Pylon, Photon Cannon  
  95  11:03  Photon Cannon  
  99  11:05  Probe x2, Photon Cannon  
  99  11:07  Photon Cannon  
  99  11:08  Void Ray, Pylon  
  99  11:10  Pylon  
  99  11:11  Shield Battery, Photon Cannon  
  101  11:13  Shield Battery  
  101  11:16  Shield Battery  
  109  11:21  Void Ray  
  109  11:22  Void Ray  
  109  11:33  Fleet Beacon  
  117  11:41  Void Ray  
  117  11:44  Void Ray  
  121  11:51  Void Ray  
  121  12:01  Probe  
  121  12:04  Probe x2  
  121  12:05  Nexus  
  121  12:06  Assimilator  
  124  12:09  Assimilator  
  124  12:13  Probe  
  125  12:16  Probe  
  138  12:25  Void Ray x2  
  138  12:26  Void Ray  
  138  12:30  Gateway  
  138  12:35  Gateway  
  138  12:37  Pylon  
  138  12:50  Protoss Air Armor Level 2  
  138  13:00  Stalker x2  
  138  13:01  Protoss Air Weapons Level 2  
  142  13:06  Flux Vanes  
  142  13:11  Protoss Ground Armor Level 1  
  142  13:22  Forge  
  142  13:26  Void Ray  
  146  13:35  Robotics Facility  
  146  13:39  Pylon  
  146  13:41  Pylon  
  146  13:42  Pylon  
  146  13:55  Void Ray x2  
  158  14:01  Protoss Shields Level 1  
  154  14:03  Stalker  
  168  14:10  Void Ray  
  168  14:11  Void Ray x2  
  168  14:18  Stalker  
  168  14:19  Photon Cannon  
  168  14:20  Photon Cannon  
  170  14:24  Photon Cannon  
  170  14:42  Photon Cannon  
  170  14:45  Photon Cannon  
  170  14:47  Photon Cannon  
  170  14:49  Photon Cannon  
  170  14:53  Photon Cannon  
  170  14:56  Shield Battery  
  170  14:59  Shield Battery  
  182  15:09  Void Ray x3  
Tags
 
Add a new tag
Caveats
  • Supply blocks, unpowered buildings, or Contaminate may cause inaccurate times.
  • Supply counts are checked every 10 seconds.